 Dungeon Crawl Stone Soup version 0.29.1-4-g47bece8355 (webtiles) character file.

Game seed: 7676291811691909595

2478 concernfroge the Fighter (level 9, -13/78 HPs)
             Began as a Mummy Monk on Dec 3, 2022.
             Was a Priest of Okawaru.
             Killed from afar by a steam dragon (17 damage)
             ... with a ball of steam
             ... on level 8 of the Dungeon.
             The game lasted 00:16:58 (6499 turns).

concernfroge the Fighter (Mummy Monk)               Turns: 6499, Time: 00:16:59

Health: -13/78     AC: 16    Str: 15    XL:     9   Next: 27%
Magic:  19/21      EV: 20    Int:  9    God:    Okawaru [***...]
Gold:   325        SH:  6    Dex: 18    Spells: 8/8 levels left

rFire   . . .      SeeInvis .   g - +2 sling (flame)
rCold   + + .      Faith    .   o - +0 buckler
rNeg    + + +      Spirit   .   d - +6 ring mail of Narcissism {rF+ rN+ MP+9}
rPois   ∞          Reflect  .   p - +0 helmet
rElec   .          Harm     .   (no cloak)
rCorr   .          Rampage  .   (no gloves)
Will    ++...                   j - +2 pair of boots
Stlth   +++.......              (no amulet)
HPRegen 0.23/turn               y - +4 ring of evasion
MPRegen 0.17/turn               e - ring of Ziru {rC+ Will+}

@: heroic
A: cold resistance 1, negative energy resistance 3, torment resistance 2, heat
vulnerability 1, in touch with death 1, no potions
a: Renounce Religion, Heroism


You were on level 8 of the Dungeon.
You worshipped Okawaru.
Okawaru was most pleased with you.
You visited 2 branches of the dungeon, and saw 9 of its levels.

You collected 325 gold pieces.

Inventory:

Hand Weapons
 a - a +0 spear
 c - a +0 scythe
 g - a +2 sling of flaming (weapon)
 h - a +0 trident
Missiles
 b - 4 boomerangs
 w - 13 poisoned darts
Armour
 d - the +6 ring mail of Narcissism (worn) {rF+ rN+ MP+9}
   (You found it on level 3 of the Dungeon)

   rF:        It protects you from fire.
   rN:        It protects you from negative energy.
   MP:        It affects your magic capacity (+9).
 j - a +2 pair of boots (worn)
 o - a +0 buckler (worn)
 p - a +0 helmet (worn)
Jewellery
 e - the ring of Ziru (right hand) {rC+ Will+}
   (You acquired it on level 3 of the Dungeon)

   [ring of willpower]

   rC:        It protects you from cold.
   Will:      It increases your willpower.
 l - a ring of protection from cold
 u - a ring of see invisible
 y - a +4 ring of evasion (left hand)
Wands
 r - a wand of digging (3)
 t - a wand of acid (10)
 v - a wand of mindburst (11)
Scrolls
 f - 2 scrolls of poison
 i - 2 scrolls of fear
 k - a scroll of enchant armour {unknown}
 m - 2 scrolls of enchant weapon {unknown}
 n - 4 scrolls of teleportation
 q - 3 scrolls of immolation {unknown}
 s - a scroll of vulnerability
 x - a scroll of identify


   Skills:
 - Level 10.0(15.0) Fighting
 - Level 2.4(7.4) Polearms
 - Level 5.0(10.0) Dodging
 - Level 1.5(6.5) Stealth
 - Level 4.0 Invocations
 + Level 3.4 Evocations


You had 8 spell levels left.
You didn't know any spells.
Your spell library contained the following spells:

 Spells                   Type           Power      Damage    Failure   Level
 Apportation              Tloc           0%         N/A       67%         1
 Necrotise                Necr           0%         1d4       67%         1
 Slow                     Hex            0%         N/A       67%         1
 Ensorcelled Hibernation  Hex/Ice        0%         N/A       82%         2
 Passwall                 Tmut/Erth      0%         N/A       82%         2
 Confusing Touch          Hex            0%         N/A       96%         3
 Swiftness                Air            0%         N/A       96%         3
 Vampiric Draining        Necr           0%         2d6       96%         3
 Summon Small Mammal      Summ           Unusable   N/A       N/A         1

Dungeon Overview and Level Annotations

Branches:
Dungeon (8/15)             Temple (1/1) D:7
   Lair: D:8-11

Altars:
Ashenzari
Cheibriados
Dithmenos
Fedhas
Gozag
Hepliaklqana
Kikubaaqudgha
Makhleb
Nemelex Xobeh
Okawaru
Qazlal
Trog
Uskayaw
Wu Jian
Xom
Yredelemnul

Annotations:
D:3 3 runed translucent doors, LustLizard's ghost, novice SpHu
D:7 1 runed translucent door, hawla's ghost, novice MeAE


Innate Abilities, Weirdness & Mutations

You are immune to poison.
Your flesh is cold resistant. (rC+)
You are immune to negative energy. (rN+++)
You are immune to unholy pain and torment.
You are vulnerable to heat. (rF-)
You are in touch with the powers of death.
You do not drink.


Message History

The steam dragon breathes steam at you. The ball of steam hits you!
* * * LOW HITPOINT WARNING * * *
The bullfrog hits you!
* * * LOW HITPOINT WARNING * * *
As you read the scroll of fear, it crumbles to dust.
You assume a fearsome visage.
The steam dragon looks frightened!
The bullfrog looks frightened!
You are engulfed in a cloud of scalding steam.
* * * LOW HITPOINT WARNING * * *
You gain the combat prowess of a mighty hero.
Cornered, the bullfrog turns to fight!
Fire: g) +2 sling (flame)
Press: ? - help, Q - select action, (/) - cycle Shift-Dir - straight line, f - steam dragon, p - bullfrog
Aim: a steam dragon (almost dead, fleeing, 70% to hit)
You shoot a sling bullet.
The sling bullet hits the steam dragon but does no damage.
Your attack snaps the steam dragon out of its fear.
The steam dragon is almost dead.
The bullfrog misses you.
Fire: g) +2 sling (flame)
Press: ? - help, Q - select action, (/) - cycle Shift-Dir - straight line, f/p - steam dragon
Aim: a steam dragon (almost dead, fleeing, 70% to hit)
You shoot a sling bullet.
The sling bullet closely misses the steam dragon.
The bullfrog hits you.
* * * LOW HITPOINT WARNING * * *
The bullfrog hits you.
* * * LOW HITPOINT WARNING * * *
Fire: g) +2 sling (flame)
Press: ? - help, Q - select action, (/) - cycle Shift-Dir - straight line, f/p - steam dragon
Aim: a steam dragon (almost dead, fleeing, 70% to hit)
You shoot a sling bullet.
The sling bullet barely misses the steam dragon.
The bullfrog hits you.
* * * LOW HITPOINT WARNING * * *
You block the bullfrog's attack. The steam dragon breathes steam at you.
The ball of steam hits you!
You die...

#.# #..#.# .#
#.# #.##.# ##.#
##.##.# #..#
#.....# #..##
#..#### #...##
#..#
#....######### #
###..####.[.###.
#..###@F..###.
#..###.§..###.
#..##..#§$.#..
##..#..##.....
##....###...#
##...###...#
#######..D#
#####


You could see a bullfrog.

Vanquished Creatures
  Grinder (D:3)
  Sigmund (D:2)
  A wyvern (D:5)
  A steam dragon (D:8)
  A sky beast (D:7)
  An orc warrior (D:7)
  2 ogres
  2 kobold brigands
  A lemure (D:6)
  3 phantoms (D:5)
  2 necrophages
  A bullfrog (D:7)
  A scorpion (D:6)
  A howler monkey (D:4)
  8 hounds
  2 jellies (D:5)
  2 orc priests (D:7)
  Ijyb (D:3)
  4 iguanas
  Natasha (thrice) (D:3)
  4 orc wizards
  5 adders
  3 gnolls (D:2)
  2 white imps
  An ufetubus (D:7)
  3 worms
  A dart slug (D:1)
  9 orcs
  6 ball pythons
  5 bats
  3 endoplasms
  2 giant cockroaches (D:1)
  3 goblins
  11 hobgoblins
  2 jackals (D:3)
  3 quokkas
  5 frilled lizards
  15 kobolds
  A rat (D:1)
123 creatures vanquished.

Vanquished Creatures (others)
  49 fungi (D:3)
49 creatures vanquished.

Grand Total: 172 creatures vanquished

Notes
Turn   | Place    | Note
-------+----------+-------------------------------------------
     0 | D:1      | concernfroge the Mummy Monk began the quest for the Orb.
     0 | D:1      | Reached XP level 1. HP: 18/18 MP: 1/1
    89 | D:1      | Found a faded altar of an unknown god.
    91 | D:1      | Noticed a floating eye
    99 | D:1      | Noticed a shining eye
    99 | D:1      | Noticed a great orb of eyes
    99 | D:1      | Noticed a shining eye
   185 | D:1      | Reached XP level 2. HP: 24/24 MP: 2/2
   451 | D:1      | Reached skill level 4 in Fighting
   822 | D:2      | Gained mutation: You are in touch with the powers of death.
                  | [Mummy growth]
   822 | D:2      | Reached XP level 3. HP: 24/30 MP: 3/3
   939 | D:2      | Reached XP level 4. HP: 33/38 MP: 4/4
   992 | D:2      | Reached skill level 5 in Fighting
  1033 | D:2      | Noticed Sigmund
  1041 | D:2      | Killed Sigmund
  1042 | D:2      | Reached skill level 6 in Fighting
  1042 | D:2      | Reached XP level 5. HP: 47/47 MP: 5/5
  1104 | D:2      | Reached XP level 6. HP: 53/53 MP: 6/6
  1393 | D:3      | Noticed LustLizard's ghost (novice SpHu)
  1393 | D:3      | Found a runed translucent gate.
  1393 | D:3      | Found a runed translucent gate.
  1393 | D:3      | Found a runed translucent gate.
  1399 | D:3      | Noticed Ijyb
  1403 | D:3      | Paralysed by Ijyb for 4 turns
  1412 | D:3      | Paralysed by Ijyb for 5 turns
  1419 | D:3      | Paralysed by Ijyb for 3 turns
  1427 | D:3      | Killed Ijyb
  1428 | D:3      | Reached skill level 7 in Fighting
  1590 | D:3      | Found a bloodstained altar of Trog.
  1621 | D:3      | Identified the +6 ring mail of Narcissism {rF+ rN+ MP+9}
  1778 | D:3      | Noticed Natasha
  1780 | D:3      | Killed Natasha
  1979 | D:3      | Noticed Natasha
  1988 | D:3      | Killed Natasha
  2086 | D:3      | Noticed Natasha
  2098 | D:3      | Killed Natasha
  2134 | D:3      | Noticed Grinder
  2138 | D:3      | Paralysed by Grinder for 5 turns
  2143 | D:3      | Identified a scroll of acquirement
  2143 | D:3      | Acquired the ring of Ziru {rC+ Will+}
  2151 | D:3      | Paralysed by Grinder for 5 turns
  2159 | D:3      | Killed Grinder
  2160 | D:3      | Reached skill level 8 in Fighting
  2160 | D:3      | Reached XP level 7. HP: 25/63 MP: 7/7
  2455 | D:3      | Found an iron altar of Okawaru.
  2463 | D:3      | Became a worshipper of Warmaster Okawaru
  2463 | D:3      | Reached * piety under Okawaru
  2463 | D:3      | Reached ** piety under Okawaru
  2792 | D:4      | Found a shimmering altar of Xom.
  3491 | D:4      | Found a hazy altar of Hepliaklqana.
  3606 | D:5      | Entered Level 5 of the Dungeon
  3621 | D:5      | Reached skill level 1 in Invocations
  3864 | D:5      | Found a snail-covered altar of Cheibriados.
  4049 | D:5      | Reached skill level 9 in Fighting
  4125 | D:5      | Noticed a wyvern
  4131 | D:5      | Killed a wyvern
  4132 | D:5      | Reached XP level 8. HP: 61/71 MP: 10/10
  4656 | D:5      | Identified the +5 cloak "Citul" {Rampage Dex+3}
  4765 | D:5      | Reached skill level 10 in Fighting
  4921 | D:6      | You fall into a shaft and drop 1 floor!
  4937 | D:7      | Reached *** piety under Okawaru
  5161 | D:7      | Found a runed translucent door.
  5161 | D:7      | Found a shimmering altar of Xom.
  5161 | D:7      | Noticed hawla's ghost (novice MeAE)
  5192 | D:7      | Found a staircase to the Ecumenical Temple.
  5264 | Temple   | Entered the Ecumenical Temple
  5360 | D:7      | Reached skill level 5 in Dodging
  5360 | D:7      | Reached XP level 9. HP: 77/78 MP: 12/12
  5469 | D:7      | Reached skill level 1 in Evocations
  6043 | D:7      | Noticed a +2 quarterstaff of chaos
  6499 | D:8      | Killed from afar by a steam dragon

Illustrated notes

Levels and vault maps discovered:
D:1:      lightli_arrival_chessboard, layout_rooms,
          hellmonk_ecumenical_altar_watching_god, nrook_mini_backslash,
          chequers_big_river, minmay_strange_pillars, kennysheep_minor_cross
D:2:      layout_rooms, uniq_sigmund
D:3:      wad_crossroads, layout_basic, mainiacjoe_overflow_24_doors,
          mainiacjoe_overflow_catch_the_wave, ebering_ghost_rock_garden,
          uniq_natasha, uniq_ijyb, uniq_grinder
D:4:      layout_loops_ring, nicolae_hepliaklqana_hippocampus, kennysheep_mini,
          serial_bayou_ford_a, amcnicky_mini_pool_small, abandoned_shop,
          minmay_misc_feat_encased
D:5:      layout_gridville, general_overflow_altar, grunt_tough_drop
D:6:      layout_gridville, reono_crystal_passage, kennysheep_generic_room_16,
          uniq_pikel
D:7:      layout_rooms, temple_green, ebering_ghost_xom
D:8:      minmay_goldmine, layout_loops_ring, enter_bailey_4,
          hangedman_glass_teeth, uniq_maurice
Temple:   nicolae_temple_ecumenical_triangle

Skill      XL: |  1  2  3  4  5  6  7  8  9 |
---------------+----------------------------+-----
Fighting       | 4 6 8 9 10 | 10.0
Invocations    | 3 4 |  4.0
Dodging        | 5 |  5.0
Evocations     | 3 |  3.4
Polearms       | |  2.4
Stealth        | |  1.5

Action                   |  1- 3 |  4- 6 |  7- 9 || total
-------------------------+-------+-------+-------++-------
Melee: Spear             |    34 |       |       ||    34
 Fire: Sling             |    40 |   109 |   332 ||   481
Invok: Heroism           |       |       |     9 ||     9
Evoke: Wand              |       |       |     1 ||     1
  Use: Scroll            |       |     6 |     3 ||     9
Armor: Robe              |     3 |       |       ||     3
       Scale mail        |     7 |    16 |       ||    23
       Ring mail         |       |    28 |   132 ||   160
Dodge: Dodged            |    30 |    56 |   149 ||   235
Block: Buckler           |       |       |    40 ||    40
